 Dungeon Crawl Stone Soup version 0.30-a0-996-ga6910c8ee8 (webtiles) character file.

Game seed: 8540861401548145006

7 qeuew the Conjurer (level 1, 0/13 (16) HPs)
             Began as a Demonspawn Reaver on Apr 4, 2023.
             Slain by a frilled lizard (3 damage)
             ... on level 1 of the Dungeon.
             The game lasted 00:00:16 (97 turns).

qeuew the Conjurer (Demonspawn Reaver)                Turns: 97, Time: 00:00:17

HP:   0/13 (16)     AC:  3    Str: 12    XL:     1   Next: 83%
MP:   2/3           EV: 11    Int: 14    God:
Gold: 18            SH:  0    Dex: 11    Spells: 3/4 levels left

rFire   . . .      SeeInvis .    a - +0 hand axe
rCold   . . .      Faith    .    (no shield)
rNeg    . . .      Spirit   .    b - +0 leather armour
rPois   .          Reflect  .    (no helmet)
rElec   .          Rampage  .    (no cloak)
rCorr   .                        (no gloves)
Will    .....                    (no boots)
Stlth   +                        (no amulet)
HPRegen 0.22/turn                (no ring)
MPRegen 0.08/turn                (no ring)

@: heavily drained
A: no striking features
a: no special abilities


You were on level 1 of the Dungeon.
You visited 1 branch of the dungeon, and saw 1 of its levels.

You collected 18 gold pieces.

Inventory:

Hand Weapons
 a - a +0 hand axe (weapon)
Armour
 b - a +0 leather armour (worn)
Scrolls
 c - 3 scrolls of teleportation {unknown}


   Skills:
 + Level 2.1 Fighting
 + Level 2.7 Axes
 + Level 0.3 Armour
 + Level 1.8 Dodging
 + Level 2.1 Spellcasting
 + Level 3.0 Conjurations


You had 3 spell levels left.
You knew the following spells:

 Your Spells              Type           Power      Damage    Failure   Level
a - Kiss of Death         Conj/Necr      20%        2d7       16%         1

Your spell library contained the following spells:

 Spells                   Type           Power      Damage    Failure   Level
 Momentum Strike          Conj/Tloc      10%        3d8       24%         2
 Hailstorm                Conj/Ice       5%         3d4       43%         3


Dungeon Overview and Level Annotations

Branches:
Dungeon (1/15)

Altars:


Message History

You are too injured to fight recklessly!
You are too injured to fight recklessly!
You are too injured to fight recklessly!
You are too injured to fight recklessly!
You are too injured to fight recklessly!
You are too injured to fight recklessly!
You are too injured to fight recklessly!
You are too injured to fight recklessly!
You are too injured to fight recklessly!
You are too injured to fight recklessly!
You are too injured to fight recklessly!
You are too injured to fight recklessly!
You are too injured to fight recklessly!
You are too injured to fight recklessly!
You are too injured to fight recklessly!
You are too injured to fight recklessly!
You are too injured to fight recklessly!
You are too injured to fight recklessly!
You are too injured to fight recklessly!
Unknown command.
Aiming: Kiss of Death (safe; 16% risk of failure)
Press: ? - help, Q - select action Shift-Dir - straight line, f - gnoll
Aim: a gnoll, wielding a +2 whip of pain (100% to hit)
The negative energy hits the gnoll!
The gnoll is drained!
The gnoll is almost dead.
You feel drained. The goblin completely misses you.
The gnoll closely misses you. The kobold barely misses you.
The frilled lizard bites you but does no damage.
Aiming: Kiss of Death (safe; 16% risk of failure)
Press: ? - help, Q - select action Shift-Dir - straight line, f/p - gnoll
Aim: a gnoll, wielding a +2 whip of pain (almost dead, heavily drained, 100% to hit)
Okay, then.
You hit the gnoll.
You kill the gnoll!
You hit the goblin. You barely miss the kobold.
You barely miss the frilled lizard. The kobold hits you with a +0 whip.
* * * LOW HITPOINT WARNING * * *
The goblin hits you but does no damage. The frilled lizard bites you.
You die...

..# ... ....#.#... .
##.#..##.#...#..
...............####.#
#.....................
##..............>.....#
................g.....
###............))K....#
#|#............g@l....##
.#................$....#
#.#....................#
.#...##...#...##.#......>
≈.##..#.#................
≈#..#.#.#.##..........##$
≈.#...†....#........#...
≈#.........#....##....##.
≈.#.....(.............#


You could see a hobgoblin, a goblin, a kobold and a frilled lizard.

Vanquished Creatures
  A gnoll (D:1)
  A dart slug (D:1)
  An endoplasm (D:1)
  A hobgoblin (D:1)
  A goblin (D:1)
  A rat (D:1)
6 creatures vanquished.

Notes
Turn   | Place    | Note
-------+----------+-------------------------------------------
     0 | D:1      | qeuew the Demonspawn Reaver began the quest for the Orb.
     0 | D:1      | Reached XP level 1. HP: 16/16 MP: 3/3
    97 | D:1      | Slain by a frilled lizard

Illustrated notes

Levels and vault maps discovered:
D:1:      ncdulo_watergridlock, layout_rooms, nicolae_ecumenical_lake_church

Action                     || total
---------------------------++-------
  Melee: Hand axe          ||    17
   Cast: Kiss of Death     ||     1
 Armour: Leather armour    ||     7
  Dodge: Dodged            ||    12

Table legend: (Time is in decaauts)
 A = Elapsed time spent in this place.
 B = Non-inter-level travel time spent in this place.
 C = Inter-level travel time spent in this place.
 D = Time resting spent in this place.
 E = Time spent auto-exploring this place.
 F = Levels seen in this place.
 G = Mean time per level.
                   A        B        C        D        E       F      G
               +--------+--------+--------+--------+--------+-----+--------+
         Total |    100 |    100 |      0 |      0 |     57 |   1 |  100.0 |
       Dungeon |    100 |    100 |      0 |      0 |     57 |   1 |  100.0 |
               +--------+--------+--------+--------+--------+-----+--------+

Top non-repeatable levels by time:
     D:1: 100 daAuts
